Map: Lightshade LE

Players

Massa

  • Race: Terran Terran
  • League: Platinum

VOD

Have the link to the VOD?

Description

Time

  • Played on: April 8, 2021, 11:11 a.m.
  • Length: 6:08
Show
View Real Time Build Order
Export as new Build Order

Massa Terran 

Build Orders:  

Get SALT Encoding   

  12  0:00  SCV  
  13  0:17  SCV  
  14  0:24  Supply Depot  
  14  0:36  SCV  
  15  0:54  SCV  
  15  0:55  Barracks  
  16  1:03  Refinery  
  16  1:11  SCV  
  17  1:28  SCV  
  18  1:45  SCV  
  19  2:02  Orbital Command  
  19  2:09  Reaper  
  20  2:20  Command Center  
  20  2:39  Supply Depot  
  20  2:42  SCV  
  20  2:49  Marine  
  22  2:59  SCV  
  23  3:16  SCV  
  23  3:18  Factory  
  24  3:20  Barracks Reactor  
  24  3:44  SCV  
  25  3:58  Command Center  
  25  4:07  Orbital Command  
  25  4:10  SCV  
  26  4:30  Barracks Tech Lab  
  26  4:31  Starport  
  26  4:32  Hellion x2  
  30  4:44  SCV x2  
  32  5:01  SCV  
  32  5:02  SCV, Hellion  
  32  5:06  Hellion  
  32  5:08  Barracks Tech Lab  
  38  5:18  SCV  
  38  5:19  SCV  
  40  5:32  Hellion  
  45  5:49  Refinery  
  45  5:52  Refinery  
  45  5:54  Refinery  
Tags
 
League
Platinum
Matchup
Co-op
Replay Pack
Multiplayer
Add a new tag
Caveats
  • Supply blocks, unpowered buildings, or Contaminate may cause inaccurate times.
  • Supply counts are checked every 10 seconds.